Cogmind - Beta 16 @@@ ROGUE MODE // 2025.12.25 @ 23:15:09 Player: H3-MLN Result: Destroyed by Vortex Trap Performance ------------- Evolutions (0) 0 Regions Visited (4) 800 Robots Destroyed (28) 140 Value Destroyed (686) 686 Prototype IDs (32) 640 Alien Tech Used (0) 0 Bonus (2178) 2178 TOTAL SCORE: 4444 Bonus ------- Follower Combat Kills 211 Delivered SUBCON Basin 2000 Registered with UFD 300 Friendly Fire -333 Cogmind --------- Core Integrity 0/250 Matter 300/300 Energy 100/100 System Corruption 0% Temperature Cool (0) Movement Rolling (112) Ox1 Location -9/Scraptown Parts ------- > --- POWER (1) -------- (None) > --- PROPULSION (2) --- Armored Wheel Subdweller Monowheel > --- UTILITY (2) ------ High-capacity Storage Unit Tech Extrapolator > --- WEAPON (2) ------- (None) > --- INVENTORY (20) --- Light Treads Wheel Scrap Suit Scrap Suit Large Storage Unit Experimental Sensor Array Advanced Signal Interpreter Makeshift Light Armor Plating Scrap Shield Plasma Cutter CPS Tube (2) CPS Tube (2) CPS Tube (2) Peak State ------------ > --- POWER ------------ Subdweller Power Source > --- PROPULSION ------- Subdweller Monowheel Subdweller Monowheel > --- UTILITY ---------- Humpback > --- WEAPON ----------- Salvaging Laser Subdweller Beam Cannon > --- INVENTORY -------- Ion Engine Subdweller Power Source Subdweller Monowheel Subdweller Monowheel Subdweller Monowheel Large Storage Unit Makeshift Light Armor Plating Gun Armor V3-11A's Pendant Subdweller Laser Subdweller Beam Cannon Subdweller Machine Gun Subdweller Shrapnel Launcher Dirty Datajack SUBCON Basin [Rating: 33] Favorites ----------- Power Subdweller Power Source Engine Subdweller Power Source Propulsion Subdweller Monowheel Treads Light Treads Wheel Subdweller Monowheel Utility Large Storage Unit Device V3-11A's Pendant Storage Large Storage Unit Processor Tech Extrapolator Protection Makeshift Thermal Plating Weapon Subdweller Beam Cannon Energy Gun Salvaging Laser Energy Cannon Subdweller Beam Cannon Ballistic Gun Subdweller Machine Gun Special Weapon CPS Tube Build | -11 -10 -10 -9 -9 ------- Run | Yrd Mat Sub Rec Scr Slots Evolved . | . . . . . Power . | . . . . . Propulsion . | . . . . . Utility . | . . . . . Weapon . | . . . . . Parts Attached 45 | 9 3 22 3 8 Power 6 | 1 1 1 1 2 Engine 6 | 1 1 1 1 2 Core . | . . . . . Reactor . | . . . . . Propulsion 16 | 3 . 9 2 2 Treads 2 | 2 . . . . Leg . | . . . . . Wheel 14 | 1 . 9 2 2 Hover . | . . . . . Flight . | . . . . . Utility 11 | 3 . 5 . 3 Device 4 | 2 . 2 . . Storage 5 | 1 . 2 . 2 Processor 1 | . . . . 1 Hackware . | . . . . . Protection 1 | . . 1 . . Artifact . | . . . . . Weapon 12 | 2 2 7 . 1 Energy Gun 3 | 1 . 2 . . Energy Cannon 2 | . . 2 . . Ballistic Gun 6 | 1 2 3 . . Ballistic Cannon . | . . . . . Launcher . | . . . . . Special Weapon 1 | . . . . 1 Impact Weapon . | . . . . . Slashing Weapon . | . . . . . Piercing Weapon . | . . . . . Special Melee Weapon . | . . . . . Unidentified Prototypes 1 | . . 1 . . Parts Lost 5 | . . 2 . 3 Power 1 | . . . . 1 Propulsion 2 | . . 1 . 1 Utility 1 | . . 1 . . Weapon 1 | . . . . 1 Highest Loss Streak 3 | . . 2 . 3 To Critical Strikes . | . . . . . Average Backups 17 | 3 7 13 21 21 Power 1 | . 1 1 2 1 Propulsion 5 | 1 2 3 5 8 Utility 5 | . 1 2 7 7 Weapon 4 | 1 2 5 4 2 Tool/Special . | . . . . . Unused Backups 58 | 1 . 8 2 47 Power 4 | . . 1 . 3 Propulsion 16 | 1 . 2 1 12 Utility 19 | . . 1 1 17 Weapon 13 | . . 4 . 9 Tool/Special 6 | . . . . 6 Average Slot Usage (%) 92 | . 100 97 85 89 Engine 14 | . 14 14 14 14 Treads 5 | . 14 13 . . Wheel 22 | . 14 14 28 27 Device 3 | . 14 9 . . Storage 13 | . 14 14 14 13 Processor 2 | . . . . 6 Protection 1 | . . 2 . . Energy Gun 9 | . 12 5 14 12 Energy Cannon 10 | . . 15 14 5 Ballistic Gun 3 | . 15 7 . . Special Weapon 3 | . . . . 8 Peak Build Rating 33 | 7 8 33 33 24 Average Rating 18 | 5 7 16 28 18 On Entrance 13 | . 7 8 33 17 Avg Prop Armor Cover (%) 13 | 13 12 13 . . Naked Turns . | . . . . . Heaviest Build 214 | 11 15 214 214 214 Greatest Support 40 | 40 10 40 40 32 Greatest Overweight (x) 10 | 1 1 10 10 6 Average Overweight (x) 2 | . 1 1 5 2 Largest Inventory Capacity 35 | 8 8 35 35 35 Average Capacity 23 | 7 8 16 35 26 Most Carried 35 | 7 8 29 35 33 Average Carried 20 | 3 7 15 31 22 Final Capacity 35 | 8 8 35 35 20 Final Carried 31 | 6 8 29 31 16 Class Distribution -------------------- 48% | Mutant 41% | Hauler-Mutant 10% | Scavenger-Mutant Dominant Class ---------------- Mutant | -10/Materials Mutant | -10/Subcaves Hauler-Mutant | -9/Recycling Hauler-Mutant | -9/Scraptown Resources | -11 -10 -10 -9 -9 ----------- Run | Yrd Mat Sub Rec Scr Matter Collected 1350 | 296 28 416 530 80 Remotely 20 | 20 . . . . Salvage Created 1461 | 118 241 586 468 48 Parts 81 | 9 15 28 23 6 Haulers Intercepted . | . . . . . Recyclers Shooed 1 | . . . 1 . Parts Field Recycled . | . . . . . Retrieved Matter . | . . . . . Parts Self-Destructed 16 | . . 16 . . Prevented . | . . . . . Parts Restored . | . . . . . Kills | -11 -10 -10 -9 -9 ------- Run | Yrd Mat Sub Rec Scr Combat Hostiles Destroyed 16 | . 5 9 2 . Guns 10 | . 5 5 . . Cannons 6 | . . 4 2 . Classes Destroyed 10 | 2 3 3 2 . Builder 2 | . . . 2 . Tunneler 1 | 1 . . . . Recycler 5 | 1 . . 4 . Turret 2 | . . 2 . . Swarmer 2 | . 1 1 . . Grunt 4 | . 4 . . . Sentry 2 | . . . 2 . Artisan 1 | . . 1 . . Subdweller 9 | . . 8 . 1 Federalist 1 | . 1 . . . Best Kill Streak 3 | 2 2 3 2 . Combat Bots Only 3 | . 2 3 1 . Max Kills in Single Turn 2 | 1 2 1 1 1 Gunslinging . | . . . . . Exploded . | . . . . . Melee . | . . . . . Uniques/NPCs Destroyed . | . . . . . Combat | -11 -10 -10 -9 -9 -------- Run | Yrd Mat Sub Rec Scr Hostile Shots Fired 77 | . 5 62 . 10 Missed 31 | . . 28 . 3 Hits 46 | . 5 34 . 7 Melee 1 | . . . . 1 Projectile 45 | . 5 34 . 6 Critical Strikes 1 | . . . . 1 Damage Taken 1112 | . 109 707 . 296 Core 281 | . . 118 . 163 Absorbed by Shields . | . . . . . Ignored by Resistances 23 | . . 23 . . Core Remaining (%) 100 | 100 . . . . Volleys Fired 149 | 6 18 95 21 9 Largest 2 | 2 2 2 2 1 Hottest 160 | 60 60 160 110 30 Shots Fired 244 | 12 30 164 29 9 Gun 140 | 12 30 75 16 7 Cannon 102 | . . 89 13 . Launcher . | . . . . . Special 2 | . . . . 2 Kinetic 80 | 6 18 56 . . Thermal 162 | 6 12 108 29 7 Explosive . | . . . . . Electromagnetic . | . . . . . Robot Hit Streak 14 | 3 5 14 8 14 Robot Miss Streak 3 | 3 2 3 2 . Penetration Max . | . . . . . Secondary Targets 1 | . 1 . . . Max Gunslinging Chain 1 | . 1 . . . Shots Hit Robots 135 | 6 19 78 23 9 Core Hits 51 | 4 12 21 12 2 Critical Kills 2 | . . 2 . . Critical Parts Destroyed . | . . . . . Critical Strikes 3 | . . 3 . . Meltdown 1 | . . 1 . . Destroy 2 | . . 2 . . Melee Attacks . | . . . . . Impact . | . . . . . Slashing . | . . . . . Piercing . | . . . . . Sneak Attacks . | . . . . . Combat Hostiles . | . . . . . Follow-up Attacks . | . . . . . Damage Inflicted 2285 | 51 195 1563 415 61 Guns 1208 | 51 195 791 110 61 Cannons 1077 | . . 772 305 . Explosions . | . . . . . Melee . | . . . . . Ramming . | . . . . . Kinetic 800 | 40 106 654 . . Thermal 1485 | 11 89 909 415 61 Explosive . | . . . . . Electromagnetic . | . . . . . Impact . | . . . . . Slashing . | . . . . . Piercing . | . . . . . Highest Corruption . | . . . . . Average Corruption . | . . . . . Corruption Purged . | . . . . . Corruption Blocked . | . . . . . Overload Shots . | . . . . . Overflow Damage 5 | . . 1 4 . Projectiles 5 | . . 1 4 . Explosions . | . . . . . Melee . | . . . . . Knockbacks . | . . . . . Impact . | . . . . . Kinetic . | . . . . . Secondary . | . . . . . Self-Inflicted Damage . | . . . . . Shots . | . . . . . Rammed . | . . . . . Targets Rammed . | . . . . . Kicked . | . . . . . Crushed . | . . . . . Highest Temperature 190 | 40 76 190 70 24 Average Temperature 35 | 17 32 47 32 13 Received Heat Transfer 181 | . 36 108 . 37 Siege Activations . | . . . . . Martial Activations . | . . . . . Shielding Activations . | . . . . . Robots Disrupted . | . . . . . Combat Hostiles . | . . . . . Robots Corrupted . | . . . . . Combat Hostiles . | . . . . . Parts Fried . | . . . . . Impact Corruptions . | . . . . . Robots Melted 1 | . . 1 . . Combat Hostiles . | . . . . . Parts Melted 3 | . 1 2 . . Heat Transferred 2343 | 25 200 1236 707 175 Parts Sabotaged . | . . . . . Parts Stolen . | . . . . . Parts Stripped . | . . . . . Power Chain Reactions . | . . . . . Alert | -11 -10 -10 -9 -9 ------- Run | Yrd Mat Sub Rec Scr Maximum Alert Level . | . . . . . Low Security (%) 100 | 100 100 . 100 . Level 1 . | . . . . . Level 2 . | . . . . . Level 3 . | . . . . . Level 4 . | . . . . . Level 5 . | . . . . . High Security . | . . . . . Max Security . | . . . . . Peak Influence 127 | 5 80 . 127 . Initial . | . . . . . Average 28 | . 45 . 30 . Influence Increases 756 | 10 130 259 357 . Destroy 0b10 Robot/C 320 | . 100 160 60 . Destroy 0b10 Robot/NC 40 | 10 . . 30 . Destroy Leader 40 | . 30 10 . . Allied During Kill 24 | . . 14 10 . Successful Hack 44 | . . . 44 . Select Force Hacks 210 | . . . 210 . Destroy Structure 3 | . . . 3 . Lose Combat Pursuer 75 | . . 75 . . Influence Decreases 756 | 10 80 309 357 . Entered New Map 25 | . . 25 . . Time Decay 631 | 10 80 204 337 . Lost Ally 100 | . . 80 20 . Squads Dispatched 1 | . 1 . . . Investigation . | . . . . . Extermination . | . . . . . Reinforcement 1 | . 1 . . . Assault . | . . . . . Garrison . | . . . . . Intercept . | . . . . . Searches Triggered . | . . . . . Construction Impeded . | . . . . . Haulers Reinforced . | . . . . . Active Scanning Responses . | . . . . . Cargo Convoy Interrupts . | . . . . . Stealth | -11 -10 -10 -9 -9 --------- Run | Yrd Mat Sub Rec Scr Distress Signals 3 | . 3 . . . Communications Jammed . | . . . . . Distress Signals . | . . . . . Times Spotted 42 | . 11 22 1 8 Peak Tracking Total 15 | . 5 4 1 15 Tactical Retreats 2 | . . 2 . . Traps | -11 -10 -10 -9 -9 ------- Run | Yrd Mat Sub Rec Scr Traps Triggered 4 | . 1 3 . . Indirectly . | . . . . . Trap Hack Attempts . | . . . . . Triggered . | . . . . . Disarmed . | . . . . . Reprogrammed . | . . . . . Reused 1 | . . . . 1 Traps Extracted . | . . . . . Installed 1 | . . . . 1 Triggered . | . . . . . Most Traps Carried 1 | . . . . 1 Machines | -11 -10 -10 -9 -9 ---------- Run | Yrd Mat Sub Rec Scr Machines Disabled 5 | . . 4 . 1 Max in Single Turn 1 | . . 1 . . Machines Repaired . | . . . . . Machines Dismantled . | . . . . . Machines Sabotaged . | . . . . . Overloaded Fab Kills . | . . . . . Hacking | -11 -10 -10 -9 -9 --------- Run | Yrd Mat Sub Rec Scr Machines Accessed 20 | . 2 3 13 2 Terminals 8 | . 2 . 6 . Fabricators . | . . . . . Repair Stations . | . . . . . Recycling Units 7 | . . . 7 . Scanalyzers . | . . . . . Garrison Access . | . . . . . Total Hacks 57 | . 5 3 44 5 Successful 42 | . 2 3 32 5 Failed 14 | . 2 . 12 . Catastrophic 1 | . 1 . . . Database Lockouts 1 | . 1 . . . Manual 27 | . 4 . 23 . Terminals 32 | . 5 . 27 . Fabricators . | . . . . . Repair Stations . | . . . . . Recycling Units 17 | . . . 17 . Scanalyzers . | . . . . . Garrison Access . | . . . . . Terminal Hacks 19 | . 2 3 9 5 Part Schematic 3 | . 1 . 2 . Robot Schematic 1 | . . . 1 . Robot Analysis 4 | . . . . 4 Prototype ID Bank 4 | . 1 . 3 . Open Door 1 | . . 1 . . Terminal Index 1 | . . . 1 . Zone Layout 2 | . . . 2 . Proto ID Catalog 2 | . . 1 . 1 Release Object 1 | . . 1 . . Fabricator Hacks . | . . . . . Repair Station Hacks . | . . . . . Recycling Unit Hacks 9 | . . . 9 . Report Inventory 7 | . . . 7 . Retrieve Components 2 | . . . 2 . Scanalyzer . | . . . . . Garrison Access Hacks . | . . . . . Unauthorized Hacks 14 | . . . 14 . Terminals 7 | . . . 7 . Botnet 2 | . . . 2 . Skim 5 | . . . 5 . Fabricators . | . . . . . Repair Stations . | . . . . . Recycling Units 7 | . . . 7 . Tunnel 7 | . . . 7 . Scanalyzers . | . . . . . Garrison Access . | . . . . . Data Cores Recovered . | . . . . . Used . | . . . . . Hacking Detections 10 | . 2 . 8 . Full Trace Events . | . . . . . Feedback Events . | . . . . . Feedback Blocked . | . . . . . Robot Schematics Acquired 1 | . . . 1 . Robots Built . | . . . . . Authchips . | . . . . . Time . | . . . . . Total Robot Build Rating . | . . . . . Part Schematics Acquired 13 | . 1 . 2 10 Parts Built . | . . . . . Authchips . | . . . . . Time . | . . . . . Total Part Build Rating . | . . . . . Part Studies Acquired . | . . . . . Parts Repaired . | . . . . . Time . | . . . . . Parts Recycled . | . . . . . Recycled Matter . | . . . . . Retrieved Matter . | . . . . . Retrieved Components 2 | . . . 2 . Parts Scanalyzed . | . . . . . Part Schematics Acquired . | . . . . . Parts Damaged . | . . . . . Bothacking | -11 -10 -10 -9 -9 ------------ Run | Yrd Mat Sub Rec Scr Used RIF Installer . | . . . . . Robots Hacked . | . . . . . Non-combat . | . . . . . Combat . | . . . . . Robot Hacks Applied . | . . . . . Relay Couplers Released . | . . . . . Fabnet Peak Effective % . | . . . . . Robots Rewired . | . . . . . Allies Hacked . | . . . . . Hacks Repelled . | . . . . . Allies | -11 -10 -10 -9 -9 -------- Run | Yrd Mat Sub Rec Scr Total Allies 10 | . . 9 . 1 Largest Group 4 | . . 4 4 2 Highest-Rated Group 76 | . . 76 76 60 Highest-Rated Ally 49 | . . 19 19 49 Total Orders . | . . . . . Ally Attacks 49 | . . 32 11 6 Total Damage 785 | . . 461 224 100 Kills 9 | . . 7 1 1 Allies Corrupted . | . . . . . Allies Melted . | . . . . . Intel | -11 -10 -10 -9 -9 ------- Run | Yrd Mat Sub Rec Scr Active Infowar (turns) 517 | 12 184 321 . . Seismic 517 | 12 184 321 . . Robot Analysis Total 4 | . . . . 4 Derelict Logs Recovered 7 | . . 2 . 5 Drone Launches . | . . . . . Drone Recoveries . | . . . . . Exploration | -11 -10 -10 -9 -9 ------------- Run | Yrd Mat Sub Rec Scr Turns Passed 8962 | 201 184 3395 1643 3539 Spaces Moved 6085 | 122 140 2309 918 2596 Core 18 | 18 . . . . Treads 81 | 81 . . . . Legs . | . . . . . Wheels 5986 | 23 140 2309 918 2596 Hover . | . . . . . Flight . | . . . . . Fastest Speed 50 | 50 95 110 160 95 Average Speed 133 | 131 95 125 168 131 Slowest Speed 210 | 160 95 210 210 172 Overloaded Moves . | . . . . . Propulsion Burnouts . | . . . . . Robots Hopped . | . . . . . Potential Cave-ins . | . . . . . Cave-ins Triggered . | . . . . . Exploration Rate (%) 64 | 5 46 94 91 87 Regions Visited 4 Branch Regions 3 Pre-discovered Areas 10 | . . 2 7 1 Known Exits Taken 1 | . . . 1 . Unknown Exits Taken 3 | 1 1 1 . . Scrap Searched 19 | . . 16 . 3 Spaces Dug 4 | . . 4 . . Terrain Destroyed 10 | . . 8 2 . Melee . | . . . . . Projectile 10 | . . 8 2 . AOE . | . . . . . Terrain Rammed . | . . . . . Walls Destroyed . | . . . . . Machines Disabled . | . . . . . Actions | -11 -10 -10 -9 -9 --------- Run | Yrd Mat Sub Rec Scr Total 6688 | 148 165 2658 991 2726 Wait 225 | 2 1 162 23 37 Move 6081 | 121 139 2308 917 2596 Hop . | . . . . . Pick Up 109 | 8 2 39 21 39 Fast Attach 13 | 7 . 1 . 5 Attach 6 | . . 4 . 2 Detach . | . . . . . Swap 30 | 2 3 20 3 2 Drop 74 | 2 2 29 6 35 Fire 149 | 6 18 95 21 9 Melee . | . . . . . Ram . | . . . . . Kick . | . . . . . Crush . | . . . . . Escape Stasis . | . . . . . Rewire . | . . . . . Trap 1 | . . . . 1 Miscellaneous . | . . . . . Route ------- -11/Scrapyard -10/Materials (discovered 2 exits: [*Mat] / *Sub) -10/Subcaves (discovered 5 exits: [*Mat x2] / *Rec / *Scr x2) -9/Recycling (discovered 2 exits: *Fac / *Scr) -9/Scraptown (discovered 1 exit: [*Fac]) History --------- Turn | Location | Event 9 | -11/Scrapyard | Discovered new exit (range 16) 202 | -11/Scrapyard | Entered Materials 203 | -10/Materials | Met a group of wandering Federalists 307 | -10/Materials | Build established: Mutant 336 | -10/Materials | Central database locked down 346 | -10/Materials | Discovered new exit (range 16) 381 | -10/Materials | Discovered new exit (range 9) 386 | -10/Materials | Entered Subcaves 387 | -10/Subcaves | Continued accompanying wandering Federalists (3) 387 | -10/Subcaves | Approached by a straggling Scientist 426 | -10/Subcaves | Disturbed a concealed Subdweller 664 | -10/Subcaves | Discovered new exit (range 11) 918 | -10/Subcaves | Shifting Twisted Machinery released Enh. Flamer 934 | -10/Subcaves | Shifting Twisted Machinery released Sub. Machine Gun 1140 | -10/Subcaves | Visited 4L-MR0's lab 1153 | -10/Subcaves | Found Gun Armor 1174 | -10/Subcaves | Build established: Scavenger-Mutant 1338 | -10/Subcaves | A swath of the cavern ceiling suddenly collapsed 1562 | -10/Subcaves | Discovered new exit (range 10) 1594 | -10/Subcaves | Visited triangular shrine 1603 | -10/Subcaves | Found Prototype Device 1604 | -10/Subcaves | Identified V3-11A's Pendant 1609 | -10/Subcaves | Befriended Subdweller 1748 | -10/Subcaves | Scientist uncovered a shortcut to Scraptown 1832 | -10/Subcaves | Shifting Twisted Machinery released Barrage Gun 1838 | -10/Subcaves | Shifting Twisted Machinery released Battle Rifle 1884 | -10/Subcaves | Discovered new exit (range 14) 1890 | -10/Subcaves | Build established: Mutant 1939 | -10/Subcaves | A swath of the cavern ceiling suddenly collapsed 1939 | -10/Subcaves | Befriended Subdweller 1979 | -10/Subcaves | Befriended Subdweller 2009 | -10/Subcaves | Befriended Subdweller 2160 | -10/Subcaves | Disturbed a concealed Subdweller 2164 | -10/Subcaves | Befriended Subdweller 2249 | -10/Subcaves | Disturbed a concealed Subdweller 2249 | -10/Subcaves | Befriended Subdweller 2869 | -10/Subcaves | Befriended Subdweller 2886 | -10/Subcaves | Ambushed by angry Subdweller bent on revenge 2889 | -10/Subcaves | Befriended Subdweller 3092 | -10/Subcaves | Learned location of Zion (-7) 3120 | -10/Subcaves | Shifting Twisted Machinery released Sub. Monowheel 3123 | -10/Subcaves | Shifting Twisted Machinery released Sub. Laser 3409 | -10/Subcaves | Met a Zionite searching for "candidates" 3449 | -10/Subcaves | Befriended Subdweller 3526 | -10/Subcaves | Found SUBCON Basin 3781 | -10/Subcaves | Entered Recycling 3781 | -9/Recycling | Accompanied by 4 allies 3819 | -9/Recycling | Build established: Hauler-Mutant 4438 | -9/Recycling | Identified exit to Factory 4438 | -9/Recycling | Identified exit to Scraptown 4515 | -9/Recycling | Learned Storage stockpile data 4580 | -9/Recycling | Learned location of 3 exits from Materials 4584 | -9/Recycling | Scanned before Scraplab entrance 4633 | -9/Recycling | Learned location of 1 exit from Storage 4675 | -9/Recycling | Learned location of 3 exits from Materials 4725 | -9/Recycling | Learned Materials recycling unit intel 4834 | -9/Recycling | Learned Storage stockpile data 4932 | -9/Recycling | Entered Scraplab 5424 | -9/Recycling | Entered Scraptown 5424 | -9/Scraptown | Accompanied by 2 allies 5703 | -9/Scraptown | Visited Assassins FH 5734 | -9/Scraptown | Visited Red Mages 5748 | -9/Scraptown | Visited TADAMA 5770 | -9/Scraptown | Visited Symbiants 5786 | -9/Scraptown | Visited Spacefarers 5912 | -9/Scraptown | Heard Great Nut preacher, LISTEN AND RECITE! 5922 | -9/Scraptown | Scanned Subdweller tech in exchange for log data 5925 | -9/Scraptown | Learned Research emergency access door positions 5927 | -9/Scraptown | Learned location of Testing (-3) 5929 | -9/Scraptown | Learned Research terminal intel 5930 | -9/Scraptown | Learned 8 Research zone layouts 5932 | -9/Scraptown | Learned Factory garrison access intel 5953 | -9/Scraptown | Discovered new exit (range 13) 6218 | -9/Scraptown | Delivered V3-11A's Pendant to T0-NE2 in exchange for information 6335 | -9/Scraptown | Visited UFD Registry 6335 | -9/Scraptown | Registered with UFD as "Macehead" 6381 | -9/Scraptown | Visited Analyses Database 6419 | -9/Scraptown | Visited LU-1G1's Boring Crew 6446 | -9/Scraptown | Visited Junk Cannon Lab 6472 | -9/Scraptown | Visited Science Guys 6527 | -9/Scraptown | Visited Supply Room 6567 | -9/Scraptown | Visited Scrap Suit Storage 6582 | -9/Scraptown | Visited Scrapoid Research Area 6615 | -9/Scraptown | Visited Supply Room 6665 | -9/Scraptown | Visited Botcube Research 6696 | -9/Scraptown | Visited Infowarlord's Domain 7170 | -9/Scraptown | Found Scrap Suit 7513 | -9/Scraptown | Tech Extrapolator generated special schematic: Machine Rigger 7515 | -9/Scraptown | Found Lrg. Botcube 7541 | -9/Scraptown | Found Exp. Sensor Array 7563 | -9/Scraptown | Build established: Mutant 7881 | -9/Scraptown | Visited CPS Storage 8227 | -9/Scraptown | Attached CPS modules to 3P-A4N(R). 8908 | -9/Scraptown | Found Scrap Suit 8910 | -9/Scraptown | Found Scrap Suit 8936 | -9/Scraptown | Attached CPS modules to 09S01-D. 8937 | -9/Scraptown | Attacked by Scraptown defenders 8949 | -9/Scraptown | Lrg. Botcube activated 8949 | -9/Scraptown | Core integrity fell below 50% 8963 | -9/Scraptown | Destroyed by Vortex Trap Last Messages --------------- 08846_ Acquired Scrap Shield. 08908_ Acquired Scrap Suit. 08936_ CPS Tube expended. 08936_ CPS modules attach to 09S01-D. 08937_ ANNOUNCEMENT: Intruder alert! Defend Scraptown! 08947_ Machine disabled. 08948_ Com. Wheel destroyed. 08948_ Machine disabled. 08949_ Lrg. Botcube begins transforming into Large Mutated Botcube. 08950_ Critical hit (Burn: +50). 08952_ Machine disabled. 08953_ 6B-WUB(g) destroyed. 08956_ ZQ-G6G(r) follow-up attacks with Ripteeth. 08961_ Dropped Vortex Trap. 08962_ Installed Vortex Trap. 08963_ ZQ-G6G(r) triggered Vortex Trap. 08963_ A wave of accelerated entropy washes over the area. 08963_ ZQ-G6G(r) destroyed. 08963_ Salvaging Laser destroyed. 08963_ Imp. Deuterium Engine destroyed. Map ----- +----------------------------------------------------+ | ?????????????????????????????????????????????????? | | ?????????????????????????????????????????????????? | | ?????????????????????????????????????????????????? | | ?????????????????????????????????????????????????? | | ?????????????????????????????????????????????????? | | ?????????????????????????????????????????????????? | | ?????????????????????????????????????????????????? | | ?????????????????????????????????????????????????? | | ?????????????????????????????????????????????????? | | ?????????????????????????????????????????????????? | | ?????????????????????????????????????????????????? | | ?????????????????????????????????????????????????? | | ###############???####???????????????????????????? | | #"""##""|##"""#??## ##????????#?????????????????? | | #"" ##"" ##! "#### ###### ##????????????????? | | #????????????????? | | #????????????????? | | ################## ######?????????????????????? | | ?????????????????## ##??????????????????????????? | | ??????????????????# ###########?????????????????? | | ??????????????????# #"""""] #?????????????????? | | ??????????????????# # " "&%&" #?????????????????? | | ??????????????????# # ! """#?????????????????? | | ??????????????????# # ="""#?????????????????? | | ?????????########?# # " """#?????????????????? | | ###"###??# """# #"""@ " #?????????????????? | | " ""??# """# #"""%s #?????????????????? | | ""#?#"" "# ;""" ""#?????????????????? | | " #?#"" # c# "E "#?????????????????? | | "#?#" # # E "#?????????????????? | | "#?#" # # x #?????????????????? | | # ######?#### ##### ## ########?????????????????? | | # ########### ##### ## ##???????????????????????? | | " """"""""""" "" "" ""%"##########??????????????? | | ! ["## #"""""#??????????????? | | *[![ "## ! !!#??????????????? | | [! ![*## ##"#???????????? | | =[ *%"## X" #???????????? | | [ ! = #???????????? | | """""""""""""""""" "## #???????????? | | """"""""""""""""""" "## !!! !#???????????? | | ################"" "## #"""""#""#???????????? | | ?????????????#"" "##########??#???????????? | | ????????????#"" "## ""!!#???????????????? | | "" ????????????#"" "## ""!!#???????????????? | | ""??????????###"" "## !!"#???????????????? | | ?????######## #"" "## !""#???????????????? | | " ??? !""#???????????????? | | " ?? !!!"## ]]]#???????????????? | | ? ??######## #"" "## " "#???????????????? | +----------------------------------------------------+ Best States ------------- Heat Dissipation 25 Coolant Potential 50 Energy Generation 16 Energy Capacity 290 Matter Stores 300 Matter Capacity 300 Sight Range 16 Terrain Scan Density 10 Armor Coverage 100 Resistance: TH 10 Evasion (%) 50 Recoil Reduction 2 Item Schematics ----------------- Huge Storage Unit | -10/Materials | Hacked Imp. Terrain Scanner | -9/Recycling | Hacked VSS Leg | -9/Recycling | Hacked Spk. Treads | -9/Scraptown | Extrapolated Lgt. Humpback | -9/Scraptown | Extrapolated Machine Rigger | -9/Scraptown | Extrapolated 0b10 Decoder Chip [Skirmisher] | -9/Scraptown | Extrapolated Mak. Coolant Network | -9/Scraptown | Extrapolated Mak. Leg | -9/Scraptown | Extrapolated 0b10 Decoder Chip [Generic] | -9/Scraptown | Extrapolated 0b10 Decoder Chip [Scout] | -9/Scraptown | Extrapolated Tactical Coordination Suite | -9/Scraptown | Extrapolated Mak. Light Armor Plating | -9/Scraptown | Extrapolated Robot Schematics ------------------ A-02 Transporter | -9/Recycling | Hacked Fabricated ------------ Nothing Repaired ---------- Nothing Studied --------- None Alien Tech Used ----------------- None Achievements -------------- None Challenges ------------ None Game ------ Seed MinesnifferDirectedHammer Manual? 0 Play Time 00:57:40 Cumulative 1184.9 hours Start 2025.12.25 @ 22:02:33 End 2025.12.25 @ 23:15:09 Sessions 3 Manual Loads 0 Difficulty Rogue Special Mode None Game No. 413 Rogue 408 Adventurer 4 Explorer 1 Win Type - Total 25 Types 13/5/1/2/0/1/0/0/2/1 Lore% 97 Gallery% 96 Achievement% 82 Wizard Run 0 Options --------- Layout 0 ASCII 0 Keyboard 0 Movement Numpad Keybinds 0 Fullscreen 2 Font 18/SmallcapsGlow Map View 76x50 Zoom Use 0% Tactical HUD 1 Map Filters NONE Filters NONE Steam 1 RUN: 78fb59df-61c2-4a0d-aca7-8ce279d4b945